 Dungeon Crawl Stone Soup version 0.29.1 (webtiles) character file.

Game seed: 11137773994242305522

270 Gabide the Sneak (level 6, 0/56 HPs)
             Began as a Naga Brigand on Sept 14, 2022.
             Was a Believer of Cheibriados.
             Slain by a centaur (3 damage)
             ... on level 7 of the Dungeon.
             The game lasted 00:09:17 (3403 turns).

Gabide the Sneak (Naga Brigand)                     Turns: 3403, Time: 00:09:19

Health: 0/56       AC:  5    Str: 18    XL:     6   Next: 22%
Magic:  6/6        EV: 11    Int: 17    God:    Cheibriados [**....]
Gold:   136        SH:  0    Dex: 19    Spells: 5/5 levels left

rFire   + . .      SeeInvis +   a - +1 dagger (venom)
rCold   . . .      Faith    .   (no shield)
rNeg    . . .      Spirit   .   b - +0 robe
rPois   +          Reflect  .   (no helmet)
rElec   .          Harm     .   c - +0 cloak
rCorr   .          Rampage  .   t - +0 pair of gloves
Will    .....                   (no barding)
Stlth   ++++......              (no amulet)
HPRegen 0.18/turn               n - ring of protection from fire
MPRegen 0.10/turn               (no ring)

@: very slow
A: AC +2, large, see invisible, deformed body, poison resistance, slowness 2,
spit poison 1, naga tail 1
a: Spit Poison, Renounce Religion, Bend Time


You were on level 7 of the Dungeon.
You worshipped Cheibriados.
Cheibriados was pleased with you.
You visited 1 branch of the dungeon, and saw 5 of its levels.

You collected 136 gold pieces.

Inventory:

Hand Weapons
 a - a +1 dagger of venom (weapon)
 r - a +2 dagger
Missiles
 d - 19 poisoned darts
 e - 3 curare-tipped darts
 u - a throwing net
Armour
 b - a +0 robe (worn)
 c - a +0 cloak (worn)
 t - a +0 pair of gloves (worn)
 w - an orb of wrath
Jewellery
 n - a ring of protection from fire (left hand)
Wands
 s - a wand of roots (8)
Scrolls
 h - 2 scrolls of identify
 i - a scroll of torment
 j - 2 scrolls of magic mapping
 l - 2 scrolls of blinking {unknown}
 m - a scroll of teleportation
 o - a scroll of enchant armour {unknown}
 p - a scroll of noise {unknown}
 q - a scroll of enchant weapon {unknown}
Potions
 f - a potion of heal wounds
 g - 3 potions of curing
 k - 3 potions of brilliance
 v - a potion of flight
 x - 3 potions of mutation {unknown}


   Skills:
 + Level 3.5 Fighting
 + Level 3.5 Short Blades
 - Level 1.7 Throwing
 + Level 2.4 Dodging
 + Level 7.6 Stealth


You had 5 spell levels left.
You didn't know any spells.
Your spell library contained the following spells:

 Spells                   Type           Power      Damage    Failure   Level
 Magic Dart               Conj           0%         1d3       24%         1
 Call Imp                 Summ           0%         N/A       34%         2
 Call Canine Familiar     Summ           0%         N/A       56%         3
 Mephitic Cloud           Conj/Pois/Air  0%         N/A       56%         3
 Portal Projectile        Hex/Tloc       0%         N/A       56%         3
 Leda's Liquefaction      Hex/Erth       0%         N/A       93%         4


Dungeon Overview and Level Annotations

Branches:
Dungeon (4/15)
 Temple: D:4-7

Altars:
Cheibriados
Nemelex Xobeh

Shops:
D:1 [


Innate Abilities, Weirdness & Mutations

Your serpentine skin is tough. (AC +2)
You have supernaturally acute eyesight. (SInv)
Armour fits poorly on your strangely shaped body.
Your system is resistant to poisons. (rPois)
You cover ground very slowly.
You can spit poison.
You have a snake-like lower body.


Message History

You closely miss the bullfrog.
The centaur shouts!
The centaur wields a +0 shortbow.
The centaur shoots an arrow.
The arrow hits you!
The bullfrog hits you but does no damage.
You hit the bullfrog.
The bullfrog is poisoned.
The bullfrog is lightly wounded.
The bullfrog hits you.
The centaur shoots an arrow.
The arrow hits you. The bullfrog hits you.
You hit the bullfrog.
The bullfrog looks as sick as possible!
The bullfrog is moderately wounded.
The centaur shoots an arrow.
The arrow hits you. The bullfrog hits you.
The centaur shoots an arrow.
The arrow hits you!
You are too injured to fight recklessly!
You are too injured to fight recklessly!
You are too injured to fight recklessly!
You are too injured to fight recklessly!
You are too injured to fight recklessly!
You are too injured to fight recklessly!
You are too injured to fight recklessly!
You are too injured to fight recklessly!
You are too injured to fight recklessly!
You are too injured to fight recklessly!
You are too injured to fight recklessly!
Found a bubbling dark potion.
Found a stone staircase leading down.
The centaur shoots an arrow.
The arrow hits you but does no damage. The bullfrog barely misses you.
The bullfrog hits you but does no damage.
The centaur shoots an arrow.
The arrow hits you!
* * * LOW HITPOINT WARNING * * *
The bullfrog hits you but does no damage.
The centaur shoots an arrow.
The arrow hits you.
* * * LOW HITPOINT WARNING * * *
You kill the bullfrog!
Cheibriados thoroughly appreciates the change of pace.
Cheibriados raises the support of your attributes as your movement slows.
The centaur unwields a +0 shortbow.
The centaur hits you.
* * * LOW HITPOINT WARNING * * *
The centaur barely misses you. The centaur hits you.
You die...

..... >..!# #...#
#...# #...#
#...######
#!.......#
#####c@.####.##
.........†.....###
..................
..(............#.
.####....#.##.##
#.....<...#
#....#.#### #####
#....#.#
##...###......#


You could see a centaur.

Vanquished Creatures
  A bullfrog (D:7)
  A scorpion (D:4)
  A gnoll bouda (D:7)
  An iguana (D:4)
  4 gnolls (D:7)
  5 adders
  A worm (D:2)
  2 dart slugs
  3 orcs (D:3)
  2 bats (D:3)
  5 endoplasms
  3 goblins
  7 hobgoblins
  7 jackals
  2 quokkas
  8 ball pythons
  6 frilled lizards
  9 kobolds
  5 rats
73 creatures vanquished.

Vanquished Creatures (others)
  A plant (D:7)
1 creature vanquished.

Grand Total: 74 creatures vanquished

Notes
Turn   | Place    | Note
-------+----------+-------------------------------------------
     0 | D:1      | Gabide the Naga Brigand began the quest for the Orb.
     0 | D:1      | Reached XP level 1. HP: 19/19 MP: 1/1
   103 | D:1      | Reached skill level 1 in Dodging
   107 | D:1      | Reached skill level 6 in Stealth
   107 | D:1      | Reached XP level 2. HP: 24/26 MP: 2/2
   535 | D:1      | Found Zarheomo's Antique Armour Emporium.
  1048 | D:1      | Reached XP level 3. HP: 10/33 MP: 3/3
  1480 | D:2      | Found a snail-covered altar of Cheibriados.
  1578 | D:2      | Became a worshipper of Cheibriados the Contemplative
  1767 | D:2      | Reached XP level 4. HP: 39/40 MP: 4/4
  2182 | D:2      | Reached * piety under Cheibriados
  2699 | D:3      | Found a sparkling altar of Nemelex Xobeh.
  2876 | D:4      | Reached skill level 7 in Stealth
  2876 | D:4      | Reached XP level 5. HP: 49/49 MP: 5/5
  2899 | D:4      | Reached ** piety under Cheibriados
  3069 | D:4      | You fall into a shaft and drop 3 floors!
  3126 | D:7      | Reached XP level 6. HP: 23/56 MP: 6/6
  3403 | D:7      | Slain by a centaur

Illustrated notes

Levels and vault maps discovered:
D:1:      lemuel_arrival_room, layout_loops_ring, serial_shops,
          nicolae_shop_advertising_works [nicolae_subvault_shop_adworks]
D:2:      layout_loops_cross, basic_altar
D:3:      layout_rooms, nemelex_dance_club_becter
D:4:      layout_basic, wad_floor_pattern_2, reono_crystal_passage
D:7:      layout_loops_cross, minmay_temple_entry_gardened_gates,
          hangedman_decor_push, minmay_stone_trees_small, minmay_curled_crystal

Skill      XL: |  1  2  3  4 |
---------------+-------------+-----
Dodging        | 1 2 |  2.4
Stealth        | 6 7 |  7.6
Fighting       | 3 |  3.5
Short Blades   | 3 |  3.5
Throwing       | |  1.7

Action                   |  1- 3 |  4- 6 || total
-------------------------+-------+-------++-------
Melee: Dagger            |    79 |    85 ||   164
       Punch             |       |     4 ||     4
Throw: Dart              |     1 |       ||     1
 Abil: Spit Poison       |    12 |    14 ||    26
  Use: Scroll            |     2 |     4 ||     6
       Potion            |       |     3 ||     3
 Stab: Sleeping          |     7 |     6 ||    13
Armor: Robe              |    24 |    25 ||    49
Dodge: Dodged            |    43 |    38 ||    81
